 Dungeon Crawl Stone Soup version 0.23.0 (webtiles) character file.

Game seed: 12904836750061954305

215 Monsterracer the Chopper (level 5, -1/48 HPs)
             Began as a Hill Orc Chaos Knight on Feb 16, 2019.
             Was a Plaything of Xom.
             Killed by nerve-wracking pain
             ... invoked by Grinder
              (14 damage)
             ... on level 3 of the Dungeon.
             The game lasted 00:01:36 (2354 turns).

Monsterracer the Chopper (Hill Orc Chaos Knight)    Turns: 2354, Time: 00:01:37

Health: -1/48      AC:  6    Str: 14 (16) XL:     5   Next: 92%
Magic:  5/5        EV: 11    Int: 12      God:    Xom [..*...]
Gold:   130        SH:  0    Dex: 10      Spells: 4/4 levels left

rFire    . . .     SeeInvis .   a - +0 hand axe (chaos)
rCold    . . .     Gourm    .   (no shield)
rNeg     . . .     Faith    .   b - +2 leather armour
rPois    +         Spirit   .   d - +0 helmet (curse)
rElec    .         Reflect  .   (no cloak)
rCorr    .         Harm     .   (no gloves)
MR       .....                  (no boots)
Stlth    +.........             (no amulet)
HPRegen  0.16/turn              P - ring of poison resistance {!d}
MPRegen  0.09/turn              (no ring)

@: no status effects
A: no striking features
a: Renounce Religion


You were on level 3 of the Dungeon.
You worshipped Xom.
You were a toy of Xom.
You were not hungry.

You visited 1 branch of the dungeon, and saw 3 of its levels.

You collected 130 gold pieces.

Inventory:

Hand Weapons
 a - a +0 hand axe of chaos (weapon)
Armour
 b - a +2 leather armour (worn)
 d - a cursed +0 helmet (worn)
 h - the cursed +0 helmet of the Vanishing Places {Str+3}
   (You took it off Robin on level 2 of the Dungeon)

   It affects your strength (+3).
   It has a curse placed upon it.
Jewellery
 P - a ring of poison resistance (left hand) {!d}
Scrolls
 e - a scroll of fear {unknown}
 f - a scroll of blinking {unknown}
 i - a scroll of fog {unknown}
 j - 2 scrolls of remove curse {unknown}
 m - a scroll of random uselessness {unknown}
 n - a scroll of identify {unknown}
Potions
 g - a potion of cancellation {unknown}
 k - a potion of resistance {unknown}
 l - a potion of invisibility
Comestibles
 c - 6 rations


   Skills:
 + Level 5.3 Fighting
 * Level 7.3 Axes
 + Level 2.1 Armour
 - Level 0.7 Dodging


You had 4 spell levels left.
You didn't know any spells.
Your spell library was empty.

Dungeon Overview and Level Annotations

Branches:
Dungeon (3/15)

Altars:

Annotations:
D:3 Grinder


Message History

Items here: ( )) † a +0 dagger; a +0 hunting sling; 9 stones; a goblin corpse No target in view!
Key pressed, stopping explore.
No target in view!
c - 6 rations (gained 1)
Things that are here:
a scale mail; a ring mail
Found a whip.
No target in view!
You see here a whip.
Key pressed, stopping explore.
No target in view!
You see here a stone.
You see here a leather armour.
Things that are here:
a +0 dagger; a +0 hunting sling; 21 stones
There is an open door, spattered with blood here.
Items here: )))) / [ ÷ You see here 2 stones.
Things that are here:
a +0 dagger x2; a goblin skeleton Key pressed, stopping explore.
Done exploring.
No target in view!
No target in view!
Done exploring.
Done exploring.
There is a stone staircase leading down here.
You climb downwards.
A hobgoblin comes into view.
The hobgoblin shouts!
Found 14 gold pieces.
There is a stone staircase leading up here.
Unknown command.
A hobgoblin is nearby!
You hit the hobgoblin but do no damage.
The hobgoblin is poisoned.
A hobgoblin is nearby!
You hit the hobgoblin.
The hobgoblin seems to speed up.
The hobgoblin is almost dead.
The hobgoblin hits you. The hobgoblin misses you.
You take 4 damage, and have 44/48 hp.
A hobgoblin is nearby!
You hit the hobgoblin. You burn the hobgoblin.
You kill the hobgoblin!
HP restored.
You now have 130 gold pieces (gained 14).
Key pressed, stopping explore.
No target in view!
Health restored: 48 No target in view!
A giant cockroach comes into view.
A giant cockroach is nearby!
You hit the giant cockroach.
You kill the giant cockroach!
No target in view!
No target in view!
k - a fuming yellow potion
Found a spear.
No target in view!
An iguana comes into view.
Grinder comes into view.
Grinder shouts!
There are monsters nearby!
Grinder blinks!
There are monsters nearby!
The iguana closely misses you.
Found a ration.
You barely miss Grinder. You hit the iguana. You burn the iguana.
Grinder barely misses you. The iguana barely misses you.
You hit the iguana.
The iguana jerks violently for a moment.
The iguana is moderately wounded.
You barely miss Grinder. Grinder hits you!
The iguana bites you but does no damage.
You take 8 damage, and have 40/48 hp.
You hit the iguana. You freeze the iguana.
The iguana is severely wounded.
You hit Grinder but do no damage. Grinder hits you!
You writhe in agony.
The iguana barely misses you.
You take 10 damage, and have 30/48 hp.
MASSIVE DAMAGE!!
You are too injured to fight recklessly!
You are too injured to fight recklessly!
You are too injured to fight recklessly!
You are too injured to fight recklessly!
You barely miss the iguana.
The iguana is severely wounded.
You hit Grinder.
Grinder seems to speed up.
Grinder misses you. The iguana bites you!
* * * LOW HITPOINT WARNING * * *
Grinder hits you!
* * * LOW HITPOINT WARNING * * *
You writhe in agony.
* * * LOW HITPOINT WARNING * * *
You take 17 damage, and have 13/48 hp.
MASSIVE DAMAGE!!
Unknown command.
Grinder gestures at you. Pain shoots through your body!
You die...
Xom giggles madly!

#.# .# .. .##
....###..### ..
........% #. .........
#. #........ ##.
#l5...... #..##.....##
#.#)@......###
#...#........######
.#####..#########......#
...........# #......#
.#.........# #......#
#.........######......#
#.....................#
#.........######......#
#.........# #...<..#


You could see Grinder and an iguana.

Vanquished Creatures
  Sigmund (D:2)
  Robin (D:2)
  An adder (D:2)
  A bat (D:1)
  A giant cockroach (D:3)
  10 goblins (D:2)
  7 hobgoblins
  2 ball pythons
  2 frilled lizards
  3 kobolds (D:1)
  5 rats
34 creatures vanquished.

Notes
Turn   | Place    | Note
-------+----------+-------------------------------------------
     0 | D:1      | Monsterracer the Hill Orc Chaos Knight began the quest for
                  | the Orb.
     0 | D:1      | Reached XP level 1. HP: 19/19 MP: 1/1
   149 | D:1      | XOM: harmless Tmut miscast
   529 | D:1      | Reached XP level 2. HP: 21/27 MP: 2/2
   926 | D:1      | XOM: harmless Ice miscast
   987 | D:2      | XOM: harmless Summ miscast
  1055 | D:2      | XOM: silly message
  1419 | D:2      | XOM is BORED!
  1419 | D:2      | XOM: silly message
  1504 | D:2      | Noticed Sigmund
  1508 | D:2      | HP: 8/27 [something/puff of flame (11)]
  1509 | D:2      | HP: 2/27 [something/magic dart (6)]
  1534 | D:2      | HP: 11/27 [something/magic dart (7)]
  1536 | D:2      | HP: 2/27 [something (9)]
  1542 | D:2      | Killed Sigmund
  1542 | D:2      | Reached skill level 5 in Fighting
  1542 | D:2      | Reached skill level 7 in Axes
  1542 | D:2      | Reached XP level 3. HP: 3/36 MP: 3/3
  1542 | D:2      | Reached XP level 4. HP: 4/42 MP: 4/4
  1542 | D:2      | Reached XP level 5. HP: 4/48 MP: 5/5
  1574 | D:2      | XOM: harmless Ice miscast
  1708 | D:2      | XOM: divination: detect items
  1907 | D:2      | Identified the cursed +0 helmet of the Vanishing Places
                  | {Str+3}
  1907 | D:2      | Noticed Robin
  1921 | D:2      | Killed Robin
  2347 | D:3      | Noticed Grinder
  2353 | D:3      | HP: 21/48 [iguana (9)]
  2354 | D:3      | Killed from afar by Grinder

Skill      XL: |  1  2 |
---------------+-------+-----
Fighting       | 5 |  5.3
Axes           | 7 |  7.3
Armour         | |  2.1
Dodging        | |  0.7

Action                   |  1- 3 |  4- 6 || total
-------------------------+-------+-------++-------
Melee: Hand axe          |    61 |    39 ||   100
  Use: Potion            |     4 |       ||     4
 Stab: Paralysed         |     1 |       ||     1
       Petrifying        |     2 |       ||     2
       Petrified         |     1 |       ||     1
  Eat: Chunk             |     1 |     3 ||     4
Armor: Leather armour    |    10 |    12 ||    22
Dodge: Dodged            |    27 |    20 ||    47

Levels and vault maps discovered:
D:1:      giann_horns, layout_basic, minmay_misc_feat_nine_boxes
D:2:      layout_basic, minmay_door_square, uniq_sigmund, uniq_robin
D:3:      layout_rooms, uniq_grinder, uniq_jessica
